 Dungeon Sprint DCSS version 0.21-a0-227-g58a7c62 (webtiles) character file.

10 Kidiri the Sneak (level 2, -3/12 (14) HPs)
             Began as a Spriggan Enchanter on Aug 30, 2017.
             Slain by a necrophage (5 damage)
             ... in the Dungeon (Sprint II: "The Violet Keep of Menkaure").
             The game lasted 00:00:44 (126 turns).

Kidiri the Sneak (Spriggan Enchanter)                Turns: 126, Time: 00:00:45

HP:   -3/12 (14)    AC:  2    Str:  4    XL:     2   Next: 10%
MP:   7/7           EV: 19    Int: 16    God:
Gold: 243           SH:  0    Dex: 16    Spells: 4/7 levels left

rFire    . . .     SeeInvis +   a - +1 dagger
rCold    . . .     Gourm    .   (shield restricted)
rNeg     . . .     Faith    .   b - +0 robe
rPois    .         Spirit   .   (helmet restricted)
rElec    .         Reflect  .   (no cloak)
rCorr    .         Harm     .   (gloves unavailable)
MR       .....     NoTele   +   (boots unavailable)
Stlth    +++.......             (no amulet)
HPRegen  0.04/turn              (no ring)
MPRegen  0.10/turn              (no ring)

@: very quick
A: unfitting armour, see invisible, herbivore 3, speed 3, slow metabolism 2
a: no special abilities


You were in the Dungeon.
You were not hungry.

You visited 1 branch You collected 243 gold pieces.

Inventory:

Hand Weapons
 a - a +1 dagger (weapon)
Armour
 b - a +0 robe (worn)
Scrolls
 j - a scroll of blinking
Potions
 e - a potion of curing
 f - a potion of heal wounds
 g - a potion of haste
 h - 2 potions of magic
Books
 c - a book of Maledictions

   Spells                             Type                      Level
   a - Corona                         Hexes                        1
   b - Ensorcelled Hibernation        Hexes/Ice                    2
   c - Confuse                        Hexes                        3
   d - Tukima's Dance                 Hexes                        3
   e - Dazzling Spray                 Conjuration/Hexes            3
Comestibles
 d - a bread ration


   Skills:
 + Level 0.8 Fighting
 * Level 2.1 Short Blades
 + Level 0.4 Armour
 * Level 3.8 Dodging
 * Level 5.3 Stealth
 * Level 3.4 Spellcasting
 + Level 3.9 Hexes


You had 4 spell levels left.
You knew the following spells:

 Your Spells              Type           Power        Failure   Level  Hunger
a - Corona                Hex            ###....      3%          1    None
b - Ensorcelled Hibernat  Hex/Ice        #.....       12%         2    ##.....


Dungeon Overview and Level Annotations

Branches:
Dungeon (1/1)

Altars:


Innate Abilities, Weirdness & Mutations

You are very small and have problems with some larger weapons.
You are too small for most types of armour.
You have supernaturally acute eyesight. (SInv)
You are a herbivore.
You cover ground extremely quickly.
You need consume almost no food.


Message History

The necrophage is almost destroyed.
The necrophage barely misses you. The necrophage misses you. x2
The necrophage barely misses you.
You barely miss the necrophage.
The necrophage is almost destroyed.
The necrophage hits you but does no damage.
The necrophage closely misses you. The necrophage hits you.
The necrophage misses you.
You hit the necrophage.
The necrophage is almost destroyed.
The necrophage misses you. The necrophage closely misses you.
The necrophage hits you.
You feel your flesh rotting away! The necrophage misses you.
You hit the necrophage but do no damage.
The necrophage is almost destroyed.
The necrophage hits you.
* * * LOW HITPOINT WARNING * * *
You feel your flesh rotting away! The necrophage completely misses you.
The necrophage hits you.
You die...

≈≈≈
#≈≈#+++#+++##
≈≈≈.........#
##+## ##.#.##
#.##..# #
###..#### ##.
#+###n##
#..w##.##@n.#
#+.<.nn##+
#..w##.##...#
##. #+###.##
# $#. ## H#
#H ## ##


You could see 4 necrophages.

Vanquished Creatures
  3 worms (D)
3 creatures vanquished.

Vanquished Creatures (others)
  A crocodile (D)
1 creature vanquished.

Grand Total: 4 creatures vanquished

Notes
Turn   | Place    | Note
-------+----------+-------------------------------------------
     0 | D        | Kidiri the Spriggan Enchanter began the quest for the Orb.
     0 | D        | Reached XP level 1. HP: 9/9 MP: 5/5
     1 | D        | Noticed a hippogriff
     1 | D        | Noticed a hippogriff
     4 | D        | Noticed a tyrant leech
     4 | D        | Noticed a tyrant leech
    17 | D        | Reached skill level 5 in Stealth
    28 | D        | Noticed an ice statue
    31 | D        | Reached XP level 2. HP: 10/14 MP: 7/7
    35 | D        | Learned a level 2 spell: Ensorcelled Hibernation
    39 | D        | Killed a crocodile
   115 | D        | Noticed a necrophage
   115 | D        | Noticed a necrophage
   115 | D        | Noticed a necrophage
   115 | D        | Noticed a necrophage
   126 | D        | Slain by a necrophage

Vault maps used:
D:        the_violet_keep_of_menkaure

Skill      XL: |  1 |
---------------+----+-----
Stealth        | 5 |  5.3
Spellcasting   | 3 |  3.4
Short Blades   | 2 |  2.1
Fighting       | |  0.8
Armour         | |  0.4
Dodging        | |  3.8
Hexes          | |  3.9

Action                   || total
-------------------------++-------
Melee: Dagger            ||    19
  Use: Potion            ||     1
 Stab: Sleeping          ||     2
Armor: Robe              ||     2
Dodge: Dodged            ||    25

Table legend:
 A = Spawn XP
 B = Non-spawn XP
 C = Spawn XP percentage of total XP
 D = Spawn monster count
 E = Non-spawn monster count
 F = Spawn count percentage of total count
 G = Total turns spent on level
                    A         B        C        D         E        F      G
               +---------+---------+-------+---------+---------+-------+---------
         Total |       0 |      15 |   0.0 |       0 |       3 |   0.0 |   126
               +---------+---------+-------+---------+---------+-------+---------
             D |       0 |      15 |   0.0 |       0 |       3 |   0.0 |   126
               +---------+---------+-------+---------+---------+-------+---------
